 Dungeon Crawl Stone Soup version 0.30-a0-782-ge64f9170bb (webtiles) character file.

Game seed: 3956646745554459480

10323 mopl the Jinx (level 11, -1/63 (64) HPs)
             Began as a Deep Elf Enchanter on Mar 14, 2023.
             Was an Elder of Dithmenos.
             Slain by a wight
             ... wielding a +2 halberd
              (14 damage)
             ... on level 9 of the Dungeon.
             The game lasted 00:25:43 (8868 turns).

mopl the Jinx (Deep Elf Enchanter)                  Turns: 8868, Time: 00:25:43

HP:   -1/63 (64)    AC:  6    Str:  5    XL:     11   Next: 34%
MP:   7/27          EV: 12    Int: 31    God:    Dithmenos [****..]
Gold: 568           SH:  5    Dex: 18    Spells: 17/30 levels left

rFire   + . .      SeeInvis .    a - +0 dagger (drain)
rCold   . . .      Faith    .    O - +0 buckler
rNeg    . . .      Spirit   .    b - +0 robe
rPois   .          Reflect  .    l - +0 helmet
rElec   .          Harm     .    y - +0 cloak
rCorr   .          Rampage  .    H - +0 pair of fencer's gloves {Riposte Dex+3}
Will    +....                    h - +0 pair of boots
Stlth   +++++++                  (no amulet)
HPRegen 0.30/turn                n - ring of protection from fire
MPRegen 0.20/turn                o - +6 ring of intelligence

@: confusing by touch, wreathed by umbra, lightly drained, invisible
A: no striking features
a: Renounce Religion, Shadow Step


You were on level 9 of the Dungeon.
You worshipped Dithmenos.
Dithmenos was greatly pleased with you.
You visited 1 branch of the dungeon, and saw 9 of its levels.
You also visited: Bailey.

You collected 1789 gold pieces.
You spent 1221 gold pieces at shops.

Inventory:

Hand Weapons
 a - a +0 dagger of draining (weapon)
 G - a +2 dagger of holy wrath
Missiles
 K - 2 throwing nets
 M - 24 poisoned darts
 P - a curare-tipped dart
 R - 2 javelins
 W - 4 boomerangs
Armour
 b - a +0 robe (worn)
 h - a +0 pair of boots (worn)
 l - a +0 helmet (worn)
 y - a +0 cloak (worn)
 H - the +0 pair of fencer's gloves (worn) {Riposte Dex+3}
   (You bought it in a shop on level 9 of the Dungeon)

   Riposte:   It allows the wearer to riposte with melee weapons, swiftly
   retaliating against missed or blocked melee attacks.
   Dex:       It affects your dexterity (+3).
 O - a +0 buckler (worn)
Jewellery
 n - a ring of protection from fire (left hand)
 o - a +6 ring of intelligence (right hand)
 w - a ring of flight
 Z - a ring of magical power
Wands
 t - a wand of flame (11)
 z - a wand of charming (13)
 Q - a wand of mindburst (14)
 Y - a wand of digging (8)
Scrolls
 e - 3 scrolls of blinking {unknown}
 i - 4 scrolls of fear {unknown}
 j - a scroll of silence {unknown}
 p - 4 scrolls of identify {unknown}
 r - a scroll of noise {unknown}
 s - 6 scrolls of teleportation {unknown}
 B - 2 scrolls of fog {unknown}
 C - 2 scrolls of immolation {unknown}
 E - 2 scrolls of magic mapping {unknown}
 F - a scroll of enchant armour {unknown}
 I - 2 scrolls of butterflies {unknown}
 J - a scroll of poison {unknown}
 N - 2 scrolls of torment {unknown}
 S - a scroll of amnesia {unknown}
 T - a scroll of brand weapon {unknown}
Potions
 c - a potion of invisibility
 d - 2 potions of brilliance {unknown}
 f - 2 potions of haste {unknown}
 g - 5 potions of might {unknown}
 k - 4 potions of curing
 m - 4 potions of attraction {unknown}
 q - 2 potions of flight {unknown}
 v - 3 potions of resistance {unknown}
 x - 2 potions of magic {unknown}
 A - a potion of lignification {unknown}
 D - 2 potions of heal wounds {unknown}
 L - 2 potions of mutation {unknown}
 V - a potion of degeneration {unknown}
Miscellaneous
 U - a box of beasts (inert)
 X - a phial of floods


   Skills:
 + Level 5.8 Fighting
 + Level 7.4 Short Blades
 + Level 3.1 Throwing
 - Level 2.4 Dodging
 + Level 10.2 Stealth
 + Level 3.4 Shields
 + Level 10.1 Spellcasting
 + Level 10.5 Hexes
 - Level 4.0 Translocations
 + Level 3.4 Evocations


You had 17 spell levels left.
You knew the following spells:

 Your Spells              Type           Power      Damage    Failure   Level
a - Dazzling Flash        Conj/Hex       96%        N/A       1%          3
b - Ensorcelled Hibernat  Hex/Ice        96%        N/A       1%          2
c - Confusing Touch       Hex            69%        N/A       1%          3
d - Tukima's Dance        Hex            69%        N/A       1%          3
e - Blink                 Tloc           80%        N/A       1%          2

Your spell library contained the following spells:

 Spells                   Type           Power      Damage    Failure   Level
 Lesser Beckoning         Tloc           80%        N/A       1%          2
 Gell's Gravitas          Tloc           40%        N/A       2%          3
 Teleport Other           Tloc           40%        N/A       2%          3
 Freeze                   Ice            60%        1d7       4%          1
 Sublimation of Blood     Necr           15%        N/A       6%          2
 Wereblood                Tmut           15%        N/A       6%          2
 Manifold Assault         Tloc           40%        N/A       9%          4
 Hailstorm                Conj/Ice       15%        3d5       13%         3
 Ice Form                 Ice/Tmut       15%        N/A       38%         4
 Haunt                    Necr/Summ      7%         N/A       100%        7
 Storm Form               Tmut/Air       7%         N/A       100%        7
 Summon Hydra             Summ           7%         N/A       100%        7


Dungeon Overview and Level Annotations

Branches:
Dungeon (9/15)             Temple (0/1) D:4          Bailey (visited)
   Lair: D:8-11         Orc: D:9-12

Altars:
Ashenzari
Cheibriados
Dithmenos
Elyvilon
Hepliaklqana
Okawaru
Uskayaw
Vehumet
Xom
Yredelemnul
Zin
The Shining One

Shops:
D:9 (*

Annotations:
D:1 dig
D:9 2 transporters, Crownlay's ghost, novice TrFi; Harold


Message History

Press: ? - help, Shift-Dir - straight line, f/p - Harold
Aim: Harold, wielding a +1 battleaxe of flaming, wearing a +3 ring mail of poison resistance, quivering 4 throwing nets and carrying a wand of polymorph (1) (umbra, chance to affect: 46%) Harold resists with some effort.
The wight barely misses you. The wight hits you with a +0 scimitar.
Unknown command.
Casting: Tukima's Dance (safe; 1% risk of failure)
Confirm with . or Enter, or press ? or * to list all spells.
Aiming: Tukima's Dance (safe; 1% risk of failure)
Press: ? - help, Shift-Dir - straight line, f/p - Harold
Aim: Harold, wielding a +1 battleaxe of flaming, wearing a +3 ring mail of poison resistance, quivering 4 throwing nets and carrying a wand of polymorph (1) (umbra, chance to affect: 46%) Harold resists with some effort.
The howler monkey hoots and howls with incredible vigour!
You block the wight's attack. The wight hits you but does no damage.
The howler monkey hoots and howls with incredible vigour!
Casting: Tukima's Dance (safe; 1% risk of failure)
Confirm with . or Enter, or press ? or * to list all spells.
Aiming: Tukima's Dance (safe; 1% risk of failure)
Press: ? - help, Shift-Dir - straight line, f/p - Harold
Aim: Harold, wielding a +1 battleaxe of flaming, wearing a +3 ring mail of poison resistance, quivering 4 throwing nets and carrying a wand of polymorph (1) (umbra, chance to affect: 46%)
The +1 battleaxe of flaming dances into the air!
The wight hits you with a +0 scimitar!
You feel drained.
Harold misses your +1 battleaxe of flaming.
The wight closely misses you.
The howler monkey hoots and howls with incredible vigour!
Unknown command.
Casting: Tukima's Dance (safe; 1% risk of failure)
Confirm with . or Enter, or press ? or * to list all spells.
Your hands begin to glow red.
Harold throws a throwing net.
The throwing net hits your +1 battleaxe of flaming.
Your +1 battleaxe of flaming is caught in the net!
You hear a splash.
The wight hits you from afar with a +2 halberd!
The wight hits you with a +0 scimitar!
* * * LOW HITPOINT WARNING * * *
The howler monkey hoots and howls with incredible vigour!
You fade into invisibility!
Harold gestures at you while chanting.
Your +1 battleaxe of flaming is unaffected.
The wight hits you from afar with a +2 halberd!
You die...

..................... .....#
..................... ....#
...................###+##+#...#
..#####.........>..#......#...#
..#...#.h?................#...#
#.#...##'#####z≈.≈≈≈≈≈≈≈..#...#
#..........zh≈zh.....≈.##...#
#...♣♣♣.....h≈z≈≈.§≈.≈......###
#...♣.♣♣....@(@≈...≈.≈.........
♣♣.♣....♣....≈.≈._.≈.≈....#####
♣♣..♣.♣♣..♣...≈.≈...≈.≈....#...#
♣..♣....♣..##.≈.§≈§≈≈.≈....#....
#♣♣.♣._.♣......≈.......≈....#....
.♣.♣♣...♣♣.....≈≈≈≈≈≈≈≈≈....#....
.♣♣.♣♣.♣♣.♣♣##..............#....
...♣.♣...♣♣....[....#.......#....
....♣....♣#.........#.......#....


You could see Harold (unable to see you, ally target), 3 howler monkeys, 4
wights and a friendly +1 battleaxe of flaming (caught).

Vanquished Creatures
  An orc knight (Bailey)
  3 unseen horror zombies (D:9)
  6 slime creatures (D:9)
  A wraith (D:9)
  18 yaks
  Edmund (D:6)
  A black bear (D:7)
  12 orc warriors
  3 ice beasts
  2 sky beasts
  3 centaurs
  2 kobold brigands (D:8)
  4 necrophages
  3 bullfrogs
  A wyvern zombie (D:9)
  A scorpion (D:6)
  5 wights
  6 killer bees (D:9)
  3 howler monkeys
  6 centaur zombies (D:9)
  5 hounds
  A gnoll bouda (D:4)
  3 orc priests
  Jessica (D:3)
  2 iguanas (D:6)
  10 orc wizards
  11 gnolls
  5 adders
  A shadow imp (D:7)
  2 worms
  26 orcs
  7 endoplasms
  A giant cockroach (D:3)
  19 goblins
  25 hobgoblins
  5 jackals
  6 quokkas
  3 training dummies (D:9)
  5 ball pythons
  6 bats
  3 frilled lizards
  15 kobolds
  5 rats
249 creatures vanquished.

Vanquished Creatures (collateral kills)
  An orc warlord (Bailey)
  An orc knight (Bailey)
  3 wights
  Ijyb (D:3)
  A hobgoblin (Bailey)
7 creatures vanquished.

Vanquished Creatures (others)
  2 dancing weapons
  2 plants (D:4)
4 creatures vanquished.

Grand Total: 260 creatures vanquished

Notes
Turn   | Place    | Note
-------+----------+-------------------------------------------
     0 | D:1      | mopl the Deep Elf Enchanter began the quest for the Orb.
     0 | D:1      | Reached XP level 1. HP: 10/10 MP: 6/6
   180 | D:1      | Reached XP level 2. HP: 15/15 MP: 8/8
   183 | D:1      | Learned a level 2 spell: Ensorcelled Hibernation
   570 | D:1      | Reached skill level 4 in Stealth
   822 | D:2      | Reached XP level 3. HP: 19/19 MP: 5/10
   882 | D:2      | Learned a level 3 spell: Confusing Touch
   886 | D:2      | Learned a level 3 spell: Tukima's Dance
  1400 | D:2      | Reached skill level 2 in Short Blades
  1555 | D:2      | Reached XP level 4. HP: 24/24 MP: 11/11
  1642 | D:2      | Reached skill level 4 in Spellcasting
  1761 | D:3      | Found a glowing golden altar of the Shining One.
  1880 | D:3      | Learned a level 3 spell: Dazzling Flash
  1911 | D:3      | Found a shadowy altar of Dithmenos.
  1922 | D:3      | Became a worshipper of Dithmenos the Shadowed
  2080 | D:3      | Found a white marble altar of Elyvilon.
  2151 | D:3      | Noticed Jessica
  2158 | D:3      | Killed Jessica
  2159 | D:3      | Reached skill level 5 in Hexes
  2174 | D:3      | Noticed Ijyb
  2183 | D:3      | Killed Ijyb
  2184 | D:3      | Reached XP level 5. HP: 24/28 MP: 3/13
  2877 | D:4      | Reached skill level 1 in Fighting
  2877 | D:4      | Reached skill level 5 in Stealth
  3039 | D:4      | Found a staircase to the Ecumenical Temple.
  3185 | D:5      | Entered Level 5 of the Dungeon
  3199 | D:5      | Reached XP level 6. HP: 34/34 MP: 12/15
  3252 | D:5      | Reached skill level 3 in Short Blades
  3274 | D:5      | Reached skill level 5 in Spellcasting
  3283 | D:5      | Found a large runed translucent door.
  3284 | D:5      | Found a large runed translucent door.
  3435 | D:5      | Found a radiant altar of Vehumet.
  3440 | D:5      | Found a glowing silver altar of Zin.
  3512 | D:5      | Reached skill level 6 in Hexes
  3512 | D:5      | Reached XP level 7. HP: 37/39 MP: 13/17
  3515 | D:5      | Learned a level 2 spell: Blink
  3520 | D:5      | Found a hazy altar of Hepliaklqana.
  3523 | D:5      | Reached skill level 2 in Fighting
  3968 | D:6      | Reached skill level 6 in Stealth
  3968 | D:6      | Reached skill level 1 in Translocations
  4038 | D:6      | Reached * piety under Dithmenos
  4051 | D:6      | Reached skill level 4 in Short Blades
  4051 | D:6      | Reached skill level 6 in Spellcasting
  4073 | D:6      | Reached skill level 2 in Translocations
  4073 | D:6      | Reached XP level 8. HP: 31/45 MP: 5/19
  4189 | D:6      | Found a shimmering altar of Xom.
  4274 | D:6      | Found an iron altar of Okawaru.
  4310 | D:6      | Noticed Edmund
  4399 | D:6      | Reached skill level 7 in Hexes
  4419 | D:6      | Killed Edmund
  4420 | D:6      | Reached skill level 3 in Fighting
  4500 | D:6      | Found a snail-covered altar of Cheibriados.
  4703 | D:7      | Reached skill level 7 in Stealth
  4703 | D:7      | Reached skill level 3 in Translocations
  4720 | D:7      | Identified the +8 flail of Enchanting Slow Death {drain,
                  | Fly rElec rC+}
  4776 | D:7      | Identified the +4 leather armour of Qiyngen {rElec Int+3
                  | Dex+4 Stlth-}
  4999 | D:7      | Reached skill level 7 in Spellcasting
  4999 | D:7      | Found a hide-covered altar of Uskayaw.
  5474 | D:8      | Reached skill level 5 in Short Blades
  5474 | D:8      | Reached XP level 9. HP: 43/51 MP: 18/21
  5541 | D:8      | Reached skill level 8 in Hexes
  5549 | D:8      | Reached skill level 4 in Translocations
  5609 | D:8      | Reached skill level 4 in Fighting
  5609 | D:8      | Reached skill level 8 in Stealth
  5711 | D:8      | Reached skill level 8 in Spellcasting
  5752 | D:8      | Reached ** piety under Dithmenos
  6128 | D:8      | Reached skill level 6 in Short Blades
  6157 | D:8      | Reached skill level 9 in Hexes
  6389 | D:9      | Reached skill level 1 in Shields
  6451 | D:9      | Noticed Harold
  6529 | D:9      | Found Olof's Firing Range.
  6659 | D:9      | Found a transporter.
  6659 | D:9      | Noticed Crownlay's ghost (novice TrFi)
  6672 | D:9      | Noticed a brown ugly thing
  6687 | D:9      | Found a transporter.
  6798 | D:9      | Reached XP level 10. HP: 51/58 MP: 19/24
  6880 | D:9      | Found a flagged portal.
  6891 | Bailey   | Entered a bailey
  7309 | Bailey   | Reached skill level 9 in Stealth
  7331 | Bailey   | Reached *** piety under Dithmenos
  7387 | Bailey   | Reached skill level 9 in Spellcasting
  7497 | Bailey   | Noticed an orc knight
  7513 | Bailey   | Reached skill level 2 in Shields
  7645 | Bailey   | Noticed an orc warlord
  7660 | Bailey   | Reached skill level 5 in Fighting
  7665 | Bailey   | Killed an orc warlord
  7666 | Bailey   | Reached skill level 1 in Throwing
  7666 | Bailey   | Reached skill level 1 in Evocations
  7667 | Bailey   | Killed an orc knight
  7692 | Bailey   | Noticed an orc knight
  7700 | Bailey   | Killed an orc knight
  7719 | Bailey   | Got the Teachings on Graupel and Sinister Ceremonies
  7742 | Bailey   | Acquired 1051 gold pieces
  7781 | D:9      | Reached skill level 10 in Hexes
  7781 | D:9      | Reached skill level 2 in Evocations
  7915 | D:9      | Reached skill level 7 in Short Blades
  7915 | D:9      | Reached skill level 2 in Throwing
  8016 | D:9      | Found Opakonoh's Assorted Antiques.
  8030 | D:8      | Reached skill level 3 in Shields
  8030 | D:8      | Reached XP level 11. HP: 51/64 MP: 20/26
  8266 | D:9      | Bought a scroll labelled ZAZUMAEHIP for 24 gold pieces
  8266 | D:9      | Bought a jewelled iron wand for 96 gold pieces
  8266 | D:9      | Bought a runed pearl ring for 120 gold pieces
  8266 | D:9      | Bought a puce potion for 21 gold pieces
  8266 | D:9      | Bought the +0 pair of fencer's gloves {Riposte Dex+3} for
                  | 960 gold pieces
  8266 | D:9      | Found the +0 pair of fencer's gloves {Riposte Dex+3}
  8322 | D:9      | Found a broken altar of Ashenzari.
  8441 | D:9      | Reached skill level 10 in Stealth
  8441 | D:9      | Reached skill level 10 in Spellcasting
  8490 | D:9      | Reached skill level 3 in Evocations
  8553 | D:9      | Reached **** piety under Dithmenos
  8582 | D:9      | Found a basalt altar of Yredelemnul.
  8603 | D:9      | Reached skill level 3 in Throwing
  8868 | D:9      | Slain by a wight

Illustrated notes

Levels and vault maps discovered:
D:1:      onia_arrival_handbag, layout_loops_ring, due_unseen_surprise
D:2:      layout_loops_ring, minmay_tree_intersection
D:3:      layout_basic, mainiacjoe_overflow_boulevard,
          mainiacjoe_overflow_24_doors, old_standard_altar,
          hangedman_decor_push, uniq_jessica, uniq_ijyb
D:4:      cheibrodos_old_hovel, layout_basic, minmay_temple_entry_gardened_gates
D:5:      layout_basic, nicolae_hepliaklqana_hazy_memory, jmf_multi_god_temple2
D:6:      layout_rooms, cheibriados_altar_1, old_standard_altar,
          okawaru_trees_2, uniq_edmund
D:7:      layout_rooms, marbit_many_paths
D:8:      layout_basic, corexii_checkpoint_a, hangedman_decor_growths,
          kennysheep_generic_room_13
D:9:      layout_irregular_city, nicolae_yredelemnul_corpse_copse,
          mainiacjoe_overflow_concentric_impassable, serial_shops, shop,
          gammafunk_ghost_arena, enter_bailey_4, nicolae_shop_firing_range,
          uniq_harold, uniq_erolcha

Skill      XL: |  1  2  3  4  5  6  7  8  9 10 11 |
---------------+----------------------------------+-----
Stealth        | 4 5 6 7 8 9 10 | 10.2
Short Blades   | 2 3 4 5 6 7 |  7.4
Spellcasting   | 4 5 6 7 8 9 10 | 10.1
Hexes          | 5 6 7 9 10 | 10.5
Fighting       | 1 2 3 4 5 |  5.8
Translocations | 2 3 4 |  4.0
Shields        | 1 3 |  3.4
Throwing       | 2 3 |  3.1
Evocations     | 2 3 |  3.4
Dodging        | |  2.4

Action                     |  1- 3 |  4- 6 |  7- 9 | 10-12 || total
---------------------------+-------+-------+-------+-------++-------
  Melee: Dagger            |   111 |   129 |   166 |   231 ||   637
         Punch             |     1 |     2 |     1 |       ||     4
         Unarmed           |       |       |       |     7 ||     7
  Throw: Dart              |       |       |       |     4 ||     4
   Cast: Ensorcelled Hiber |    17 |    20 |    68 |    77 ||   182
         Tukima's Dance    |       |     3 |     7 |    10 ||    20
         Confusing Touch   |       |     4 |     9 |    10 ||    23
         Dazzling Flash    |       |       |       |     1 ||     1
  Evoke: Wand              |       |       |       |     1 ||     1
         Box of beasts     |       |       |       |     1 ||     1
    Use: Potion            |       |       |     1 |     1 ||     2
         Scroll            |       |       |       |     1 ||     1
   Stab: Sleeping          |    29 |    19 |    60 |    54 ||   162
         Confused          |       |     6 |     7 |    10 ||    23
         Invisible         |       |       |     3 |     3 ||     6
         Distracted        |       |       |       |     2 ||     2
 Armour: Robe              |    18 |    22 |    45 |    34 ||   119
         Skin              |       |       |       |     1 ||     1
  Dodge: Dodged            |    56 |    55 |    79 |   182 ||   372
  Block: Buckler           |       |       |     5 |    47 ||    52
Riposte: Dagger            |       |       |       |     8 ||     8

Table legend: (Time is in decaauts)
 A = Elapsed time spent in this place.
 B = Non-inter-level travel time spent in this place.
 C = Inter-level travel time spent in this place.
 D = Time resting spent in this place.
 E = Time spent auto-exploring this place.
 F = Levels seen in this place.
 G = Mean time per level.
                   A        B        C        D        E       F      G
               +--------+--------+--------+--------+--------+-----+--------+
         Total |   8743 |   8413 |    330 |   1846 |   3924 |  10 |  874.3 |
       Dungeon |   7910 |   7580 |    330 |   1505 |   3857 |   9 |  878.9 |
        Bailey |    832 |    832 |      0 |    341 |     67 |   1 |  832.0 |
               +--------+--------+--------+--------+--------+-----+--------+

Top non-repeatable levels by time:
     D:9: 1490 daAuts
     D:8: 1129 daAuts
     D:2: 898 daAuts
  Bailey: 832 daAuts
     D:1: 794 daAuts
     D:5: 789 daAuts
     D:3: 753 daAuts
     D:4: 718 daAuts
     D:6: 681 daAuts
     D:7: 654 daAuts
